 Dungeon Crawl Stone Soup version 0.23-a0-143-g1adec7b (webtiles) character file.

777 Amnesiac the Chiller (level 7, -9/46 HPs)
             Began as a Mummy Ice Elementalist on Sept 2, 2018.
             Killed by divine providence
             ... invoked by an orc priest
              (13 damage)
             ... on level 6 of the Dungeon.
             The game lasted 00:08:14 (3690 turns).

Amnesiac the Chiller (Mummy Ice Elementalist)       Turns: 3690, Time: 00:08:15

Health: -9/46      AC:  2    Str: 12    XL:     7   Next: 54%
Magic:  15/16      EV: 12    Int: 16    God:
Gold:   199        SH:  0    Dex: 12    Spells: 6/18 levels left

rFire    + . .     SeeInvis .   e - +1 short sword (distort)
rCold    . . .     Gourm    .   (no shield)
rNeg     + + +     Faith    .   a - +0 robe
rPois    ∞         Spirit   .   (no helmet)
rElec    .         Reflect  .   (no cloak)
rCorr    .         Harm     .   (no gloves)
MR       .....                  (no boots)
Stlth    ++........             b - amulet of the acrobat
HPRegen  0.15/turn              f - ring of protection from fire
MPRegen  0.15/turn              i - ring of fire

@: no status effects
A: no food or potions, fire vulnerability, cold resistance 1, negative energy
resistance 3, torment resistance, unbreathing
a: no special abilities


You were on level 6 of the Dungeon.
You were not hungry.

You visited 1 branch of the dungeon, and saw 6 of its levels.

You collected 199 gold pieces.

Inventory:

Hand Weapons
 e - a +1 short sword of distortion (weapon)
 j - a +0 falchion
Armour
 a - a +0 robe (worn)
Jewellery
 b - an amulet of the acrobat (around neck)
 f - a ring of protection from fire (left hand)
 i - a ring of fire (right hand)
Wands
 n - a wand of paralysis (14)
Scrolls
 c - 3 scrolls of teleportation {!r}
 d - a scroll of enchant armour {!r, unknown}
 g - a scroll of blinking {!r, unknown}
 h - a scroll of remove curse {!r}
 k - a scroll of fog {!r, unknown}
 l - a scroll of identify {!r}
 m - 3 scrolls of noise {!r, unknown}


   Skills:
 - Level 1.5 Dodging
 - Level 1.5 Stealth
 + Level 6.3 Spellcasting
 - Level 0.7 Conjurations
 * Level 6.3 Ice Magic


You had 6 spell levels left.
You knew the following spells:

 Your Spells              Type           Power        Failure   Level  Hunger
a - Freeze                Ice            ####         1%          1    N/A
b - Ozocubu's Armour      Chrm/Ice       ###.....     11%         3    N/A
c - Summon Ice Beast      Ice/Summ       ###.....     36%         4    N/A
d - Throw Icicle          Conj/Ice       ###.....     30%         4    N/A

Your spell library contained the following spells:

 Spells                   Type           Power        Failure   Level  Hunger
 Throw Frost              Conj/Ice       ###...       4%          2    N/A

Dungeon Overview and Level Annotations

Branches:
Dungeon (6/15)
 Temple: D:4-7

Altars:
Ashenzari
Fedhas
Makhleb
Xom

Annotations:
D:3 2 transporters


Innate Abilities, Weirdness & Mutations

You do not eat or drink.
Your flesh is vulnerable to fire.
You are immune to poison.
Your flesh is cold resistant. (rC+)
You are immune to negative energy. (rN+++)
You are immune to unholy pain and torment.
You can survive without breathing.


Message History

You freeze the centaur.
The centaur shouts!
The centaur is heavily wounded.
The centaur hits you. The centaur hits you!
* * * LOW HITPOINT WARNING * * *
Casting: Freeze (safe; 1% risk of failure)
Confirm with . or Enter, or press ? or * to list all spells.
Aiming: Freeze (safe; 1% risk of failure)
Press: ? - help, Shift-Dir - straight line, f/p - centaur
Aim: a centaur (heavily wounded)
You freeze the centaur.
The centaur is severely wounded.
The centaur hits you!
* * * LOW HITPOINT WARNING * * *
Casting: Freeze (safe; 1% risk of failure)
Confirm with . or Enter, or press ? or * to list all spells.
Aiming: Freeze (safe; 1% risk of failure)
Press: ? - help, Shift-Dir - straight line, f/p - centaur
Aim: a centaur (severely wounded)
You freeze the centaur.
You kill the centaur!
Casting: Freeze (safe; 1% risk of failure)
Confirm with . or Enter, or press ? or * to list all spells.
You can't see any susceptible monsters within range! (Use Z to cast anyway.)
Casting: Freeze (safe; 1% risk of failure)
Confirm with . or Enter, or press ? or * to list all spells.
You can't see any susceptible monsters within range! (Use Z to cast anyway.)
You start resting.
An orc comes into view. It is wielding a mace.
An orc is nearby!
An orc is nearby!
You start resting.
Magic restored.
You start resting.
A centaur zombie comes into view.
A centaur zombie is nearby!
An orc priest comes into view. It is wielding a hand axe.
The orc shouts!
An orc comes into view.
An orc priest comes into view. It is wielding a dagger.
The orc completely misses you.
The orc priest shouts!
The orc priest calls down the wrath of Beogh upon you.
Beogh smites you!
* * * LOW HITPOINT WARNING * * *
The orc priest looks encouraged for a moment.
Really read
c - 4 scrolls of teleportation {!r}?
As you read the scroll of teleportation {!r}, it crumbles to dust.
You feel strangely unstable. The orc barely misses you.
The orc priest mumbles some strange prayers to Beogh against you.
Beogh smites you!
* * * LOW HITPOINT WARNING * * *
Your surroundings suddenly seem different.
Casting: Freeze (safe; 1% risk of failure)
Confirm with . or Enter, or press ? or * to list all spells.
Aiming: Freeze (safe; 1% risk of failure)
Press: ? - help, Shift-Dir - straight line, f - orc priest
Aim: an orc priest, wielding a hand axe You freeze the orc priest.
The orc priest is heavily wounded.
The orc priest shouts!
The orc priest calls down the wrath of Beogh upon you.
Beogh smites you!
You die...

..###.#.≈..§§≈.
.........≈._§§.
......#.#..≈.#
..#...##...≈≈.
....#.###...≈.####
####
........###.###...
...... #..##.####...#
..###.# .. .[..).##
#..## #..#..##.#
####...###.##
#@o...#.. # #.......#
##.##..o.# # #
#.......####..#..##.#
###.. #
#.#####..##..##.#
#.###.... . ...#
#..##Z##..# #o#...#
.#.### #.)...#..##
#...# ... ###.....##
##..# .. #.....####
##o# .. ##..##....#
#o###


You could see 2 orc priests and a centaur zombie.

Vanquished Creatures
  A centaur (D:6)
  A scorpion (D:6)
  A crimson imp (D:6)
  5 orc priests
  2 jellies
  A centaur skeleton (D:4)
  An iguana (D:5)
  4 orc wizards
  2 worker ants (D:4)
  7 gnolls
  4 adders
  An ooze (D:5)
  2 adder skeletons
  2 worms
  A dart slug (D:1)
  3 leopard geckos
  15 orcs
  3 giant cockroaches
  6 goblins
  4 hobgoblins
  2 quokkas
  A ball python (D:1)
  2 bats
  3 frilled lizards (D:3)
  6 kobolds
  3 rats
83 creatures vanquished.

Vanquished Creatures (others)
  An adder skeleton (D:4)
1 creature vanquished.

Grand Total: 84 creatures vanquished

Notes
Turn   | Place    | Note
-------+----------+-------------------------------------------
     0 | D:1      | Amnesiac the Mummy Ice Elementalist began the quest for the
                  | Orb.
     0 | D:1      | Reached XP level 1. HP: 13/13 MP: 4/4
   179 | D:2      | Noticed an orc wizard
   187 | D:1      | Reached XP level 2. HP: 19/19 MP: 2/5
   690 | D:1      | Reached XP level 3. HP: 20/24 MP: 1/8
   813 | D:3      | Reached XP level 4. HP: 30/30 MP: 6/9
   818 | D:3      | Learned a level 3 spell: Ozocubu's Armour
   823 | D:3      | Learned a level 4 spell: Summon Ice Beast
   909 | D:3      | Found a shattered altar of Ashenzari.
  1028 | D:3      | Found a blossoming altar of Fedhas.
  1032 | D:3      | Found a transporter.
  1537 | D:3      | Found a faded altar of an unknown god.
  1684 | D:3      | Found a transporter.
  1740 | D:4      | Reached XP level 5. HP: 34/35 MP: 3/11
  1825 | D:5      | Entered Level 5 of the Dungeon
  1855 | D:5      | Found a burning altar of Makhleb.
  2147 | D:5      | Reached XP level 6. HP: 36/41 MP: 9/13
  2153 | D:5      | Learned a level 4 spell: Throw Icicle
  2167 | D:5      | Reached skill level 5 in Ice Magic
  2232 | D:5      | Reached skill level 5 in Spellcasting
  2318 | D:5      | Found a glowing drain.
  2949 | D:4      | Reached XP level 7. HP: 33/46 MP: 11/15
  3569 | D:6      | Found a shimmering altar of Xom.
  3611 | D:6      | Found a shimmering altar of Xom.
  3612 | D:6      | Found a shimmering altar of Xom.
  3678 | D:6      | HP: 2/46 [orc priest/divine providence (8)]
  3690 | D:6      | Killed from afar by an orc priest

Vault maps used:
D:1:      wheals_arrival_shading, corner_web_ring
D:2:      chequers_temple_overflow_minitemple,
          nicolae_dithmenos_through_a_glass_darkly, uniq_terence
D:3:      gammafunk_temple_overflow_arena, nicolae_overflow_hidden_temple,
          first_ration, chequers_ecumenical_altar_simple
D:4:      serial_co_window_serial, co_window_of_opportunity_a,
          co_window_corner_a, co_window_of_opportunity_a, co_window_corner_a,
          co_window_of_opportunity_a, co_window_corner_b,
          co_window_of_opportunity_c, co_window_unsneaky_path_b,
          co_window_of_opportunity_b, co_window_broadway_b, co_window_4corner_a,
          co_window_paths_e, glass_columns_a, glass_columns_c, glass_columns_b
D:5:      lemuel_coloured_pillars_altar, portal_sewer_entry_d
D:6:      lemuel_zombie_altar_kikubaaqudgha, kennysheep_mini_moat,
          yredelemnul_forgotten_temple_becter, xom_redecorated

Skill      XL: |  1  2  3  4  5  6  7 |
---------------+----------------------+-----
Spellcasting   | 3 4 5 6 |  6.3
Ice Magic      | 3 4 5 6 |  6.3
Dodging        | |  1.5
Stealth        | |  1.5
Conjurations   | |  0.7

Action                   |  1- 3 |  4- 6 |  7- 9 || total
-------------------------+-------+-------+-------++-------
Melee: Unarmed           |       |     1 |       ||     1
       Short sword       |       |    11 |     2 ||    13
 Cast: Freeze            |    49 |   121 |    24 ||   194
  Use: Scroll            |     2 |       |     1 ||     3
Armor: Robe              |    11 |    10 |     1 ||    22
Dodge: Dodged            |    34 |    76 |     8 ||   118

Table legend:
 A = Non-vault XP
 B = Vault XP
 C = Vault XP percentage of total XP
 D = Non-vault monster count
 E = Vault monster count
 F = Vault count percentage of total count
                 A         B        C        D         E       F
            +---------+---------+-------+---------+---------+-------
      Total |    1097 |      13 |   1.2 |      83 |       1 |   1.2
            +---------+---------+-------+---------+---------+-------
        D:1 |      77 |       0 |   0.0 |      21 |       0 |   0.0
        D:2 |      18 |       0 |   0.0 |       3 |       0 |   0.0
        D:3 |      95 |       0 |   0.0 |      20 |       0 |   0.0
        D:4 |     153 |       0 |   0.0 |      11 |       0 |   0.0
        D:5 |     389 |      13 |   3.2 |      21 |       1 |   4.5
        D:6 |     365 |       0 |   0.0 |       7 |       0 |   0.0
            +---------+---------+-------+---------+---------+-------
